 Dungeon Crawl Stone Soup version 0.28.0-53-g5a82cb258f (webtiles) character file.

Game seed: 11787830022677193833

148 DocClef the Ruffian (level 5, -3/26 HPs)
             Began as a Vine Stalker Gladiator on June 26, 2022.
             Killed by divine providence
             ... invoked by an orc priest
              (13 damage)
             ... on level 4 of the Dungeon.
             The game lasted 00:03:00 (3645 turns).

DocClef the Ruffian (Vine Stalker Gladiator)        Turns: 3645, Time: 00:03:01

Health: -3/26      AC: 11    Str: 19    XL:     5   Next: 30%
Magic:  0/6        EV:  8    Int:  8    God:
Gold:   85         SH:  0    Dex: 15    Spells: 4/4 levels left

rFire   . . .      SeeInvis .     - Unarmed
rCold   . . .      Faith    .   (no shield)
rNeg    . . .      Spirit   +   p - +0 chain mail
rPois   .          Reflect  .   b - +0 helmet
rElec   .          Harm     .   (no cloak)
rCorr   .          Rampage  .   e - +0 pair of gloves
Will    .....                   o - +0 pair of boots
Stlth   ..........              (no amulet)
HPRegen 0.88/turn               (no ring)
MPRegen 0.10/turn               (no ring)

@: no status effects
A: fangs 2, regeneration 1, magic shield, antimagic bite, no potion heal 2
a: no special abilities


You were on level 4 of the Dungeon.
You visited 1 branch of the dungeon, and saw 4 of its levels.

You collected 85 gold pieces.

Inventory:

Missiles
 c - 3 throwing nets (quivered)
Armour
 a - a +0 leather armour
 b - a +0 helmet (worn)
 e - a +0 pair of gloves (worn)
 o - a +0 pair of boots (worn)
 p - a +0 chain mail (worn)
Wands
 n - a wand of iceblast (6)
Scrolls
 f - 3 scrolls of identify {unknown}
 j - a scroll of amnesia {unknown}
 k - a scroll of fog {unknown}
 l - a scroll of magic mapping {unknown}
 q - a scroll of immolation {unknown}
 r - a scroll of teleportation {unknown}
Potions
 d - 2 potions of flight {unknown}
 g - 2 potions of berserk rage {unknown}
 h - a potion of invisibility {unknown}
 i - a potion of ambrosia {unknown}
 m - 2 potions of curing {unknown}
 s - a potion of degeneration {unknown}


   Skills:
 - Level 1.7 Fighting
 - Level 1.7 Throwing
 - Level 2.4 Dodging
 + Level 5.8 Unarmed Combat


You had 4 spell levels left.
You didn't know any spells.
Your spell library contained the following spells:

 Spells                   Type           Power      Damage    Failure   Level
 Magic Dart               Conj           0%         1d3       99%         1
 Call Imp                 Summ           0%         N/A       100%        2
 Mephitic Cloud           Conj/Pois/Air  0%         N/A       100%        3


Dungeon Overview and Level Annotations

Branches:
Dungeon (4/15)
 Temple: D:4-7

Altars:


Innate Abilities, Weirdness & Mutations

You have extremely sharp teeth.
Your natural rate of healing is unusually fast.
When hurt, damage is shared between your health and your magic reserves.
Your bite disrupts and absorbs the magic of your enemies.
Potions cannot restore your health.


Message History

The orc wizard hits you but does no damage.
The orc hits you but does no damage.
The orc priest mumbles some strange prayers to Beogh against you.
Beogh smites you!
You hit the orc wizard but do no damage.
The orc wizard is moderately wounded.
The orc wizard hits you but does no damage.
The orc barely misses you.
You closely miss the orc wizard.
You punch the orc wizard, but do no damage.
The orc wizard is moderately wounded.
The orc wizard hits you but does no damage.
The orc hits you with a +0 mace.
You closely miss the orc wizard.
The orc wizard is moderately wounded.
The orc wizard barely misses you. The orc hits you but does no damage.
Unknown command.
You hit the orc wizard but do no damage.
You punch the orc wizard.
You bite the orc wizard, but do no damage.
The orc wizard is severely wounded.
The orc wizard gestures at you while chanting.
The puff of flame hits you! The orc hits you with a +0 mace.
You barely miss the orc wizard.
You bite the orc wizard, but do no damage.
The orc wizard is severely wounded.
The orc wizard hits you but does no damage.
The orc hits you with a +0 mace.
* * * LOW HITPOINT WARNING * * *
You punch the orc wizard!
You kill the orc wizard!
The orc hits you but does no damage.
Unknown command.
You closely miss the orc. The orc hits you but does no damage.
You barely miss the orc. You punch the orc.
The orc is lightly wounded.
The orc priest calls down the wrath of Beogh upon you.
Beogh smites you!
Ouch! That really hurt!
You die...

#.#
#.....#
#.#
#######
#.# #.#
#.####
#....#
####.#
#.###
#.@)#
#.#o#
###o#
#)..#
#...#
#o..#
...##


oo... ...... You could see an orc priest and an orc.

Vanquished Creatures
  An orc priest (D:3)
  An orc wizard (D:4)
  A gnoll (D:2)
  A worm (D:2)
  2 dart slugs (D:1)
  4 orcs (D:3)
  5 bats
  7 endoplasms
  4 giant cockroaches
  6 goblins
  8 hobgoblins
  3 jackals (D:4)
  5 kobolds
  2 quokkas (D:1)
  7 ball pythons
  7 rats
64 creatures vanquished.

Vanquished Creatures (others)
  A plant (D:1)
1 creature vanquished.

Grand Total: 65 creatures vanquished

Notes
Turn   | Place    | Note
-------+----------+-------------------------------------------
     0 | D:1      | DocClef the Vine Stalker Gladiator began the quest for the
                  | Orb.
     0 | D:1      | Reached XP level 1. HP: 11/11 MP: 2/2
   289 | D:1      | Reached XP level 2. HP: 7/15 MP: 3/3
   915 | D:1      | Reached skill level 4 in Unarmed Combat
  1112 | D:1      | Found a faded altar of an unknown god.
  1149 | D:1      | Reached XP level 3. HP: 18/18 MP: 4/4
  2032 | D:2      | Gained mutation: Your natural rate of healing is unusually
                  | fast. [Vine Stalker growth]
  2032 | D:2      | Reached XP level 4. HP: 23/23 MP: 5/5
  2576 | D:3      | Reached skill level 5 in Unarmed Combat
  3306 | D:3      | Reached XP level 5. HP: 26/26 MP: 3/6
  3645 | D:4      | Killed from afar by an orc priest

Illustrated notes

Levels and vault maps discovered:
D:1:      roderic_crop_circles_arrival_small, layout_basic,
          dreamdust_ecumenical_altar_angels_and_demons, serial_rivers,
          chequers_serial_rivers_micro_a, chequers_serial_rivers_small_b,
          chequers_serial_rivers_room_a, chequers_serial_rivers_micro_e,
          chequers_serial_rivers_micro_a, chequers_serial_rivers_small_a,
          nrook_mini_backslash
D:2:      layout_loops_ring, minmay_pentomino_v4
D:3:      layout_loops_corners, chequers_serial_rivers_room_a
D:4:      layout_basic, worldfamousw_hep_ancestral_shrine, serial_shops,
          nicolae_shop_hallway_plus

Skill      XL: |  1  2  3  4 |
---------------+-------------+-----
Unarmed Combat | 4 5 |  5.8
Fighting       | |  1.7
Throwing       | |  1.7
Dodging        | |  2.4

Action                   |  1- 3 |  4- 6 || total
-------------------------+-------+-------++-------
Melee: Unarmed           |   117 |    70 ||   187
       Bite              |    33 |    19 ||    52
       Punch             |     2 |     4 ||     6
 Stab: Sleeping          |       |     2 ||     2
Armor: Leather armour    |    29 |     4 ||    33
       Chain mail        |       |    20 ||    20
Dodge: Dodged            |    82 |    19 ||   101
